 Dungeon Crawl Stone Soup version 0.27-a0-1359-ga2a4dfd6fd (webtiles) character file.

Game seed: 5053318706740653017

15266 Snikeer the Frost Mage (level 12, -5/94 HPs)
             Began as a Gnoll Ice Elementalist on June 28, 2021.
             Was a Believer of Ashenzari.
             Slain by a white ugly thing (25 damage)
             ... in an ice cave.
             The game lasted 00:46:14 (15459 turns).

Snikeer the Frost Mage (Gnoll Ice Elementalist)    Turns: 15459, Time: 00:46:15

Health: -5/94      AC: 13    Str:  7    XL:     12   Next: 25%
Magic:  0/35       EV: 14    Int: 21    God:    Ashenzari [**....]
Gold:   633        SH:  0    Dex: 12    Spells: 7/31 levels left

rFire    . . .     SeeInvis +   b - +0 whip (elec)
rCold    . . .     Faith    .   (no shield)
rNeg     . . .     Spirit   +   w - +0 troll leather armour
rPois    .         Reflect  .   o - +2 helmet of the Unveiling Moon {Self, Melee} (curse)
rElec    .         Harm     .   n - +0 cloak
rCorr    .         Rampage  .   k - +2 pair of gloves "Sun of the Cursed Sage" {Stlth+, Alch, Elem} (curse)
Will     .....                  (no boots)
Stlth    +++++.....             K - amulet of the Wild Blue Yonder {Spirit, Evo, Elem} (curse)
HPRegen  1.25/turn              Z - ring of wizardry {Wiz+, !d}
MPRegen  0.24/turn              u - ring of magical power {MP+9}

@: mighty
A: fangs 1, strong nose, distributed training
a: Renounce Religion, Curse Item, Shatter the Chains


You were in an ice cave.
You worshipped Ashenzari.
Ashenzari was pleased with you.
You visited 2 branches of the dungeon, and saw 13 of its levels.
You also visited: Ice Cave.

You collected 633 gold pieces.

Inventory:

Hand Weapons
 b - a +0 whip of electrocution (weapon)
   (You took it off a kobold on level 8 of the Dungeon)
 C - a +0 dagger
   (You took it off a goblin on level 1 of the Dungeon)
Missiles
 d - 94 sling bullets
 f - 90 bolts
 h - 14 curare-tipped darts
 l - 58 poisoned darts
 m - 10 javelins
 p - 4 throwing nets {!d}
 s - 355 stones (quivered)
 v - 27 boomerangs
 O - 275 arrows
Armour
 k - the cursed +2 pair of gloves "Sun of the Cursed Sage" (worn) {Stlth+, Alch, Elem}
   (You found it on level 1 of the Dungeon)

   It has a curse which improves the following skills: Alchemy: Poison Magic and
   Transmutations.
   Elements:  Fire Magic, Ice Magic, Air Magic and Earth Magic.
 n - a +0 cloak (worn)
   (You found it on level 2 of the Dungeon)
 o - the cursed +2 helmet of the Unveiling Moon (worn) {Self, Melee}
   (You found it on level 6 of the Dungeon)

   It has a curse which improves the following skills: Introspection: Fighting
   and Spellcasting.
   Melee Combat: Short Blades, Long Blades, Axes, Maces & Flails, Polearms,
   Staves and Unarmed Combat.
 w - a +0 troll leather armour (worn)
   (You found it on level 7 of the Dungeon)
 z - a +0 pair of gloves of archery
   (You found it on level 7 of the Dungeon)
Magical Staves
 a - a staff of cold {rC+}
   (You found it on level 9 of the Dungeon)
Jewellery
 c - a ring of ice {rC+, rF-}
   (You took it off Fannar on level 10 of the Dungeon)
 u - a ring of magical power (right hand) {MP+9}
   (You found it on level 8 of the Dungeon)
 F - a ring of positive energy {rN+}
   (You found it on level 11 of the Dungeon)
 I - a +6 ring of intelligence
   (You found it on level 9 of the Dungeon)
 K - the cursed amulet of the Wild Blue Yonder (around neck) {Spirit, Evo, Elem}
   (You found it on level 1 of the Dungeon)

   [amulet of guardian spirit]

   It causes incoming damage to be divided between your reserves of health and
   magic.
   It has a curse which improves the following skills: Evocations: Evocations.
   Elements:  Fire Magic, Ice Magic, Air Magic and Earth Magic.
 W - a ring of willpower
   (You took it off an orc on level 8 of the Dungeon)
 Z - a ring of wizardry (left hand) {Wiz+, !d}
   (You found it on level 2 of the Dungeon)
Wands
 e - a wand of charming (7)
   (You found it on level 11 of the Dungeon)
 i - a wand of iceblast (23)
   (You found it on level 4 of the Dungeon)
 y - a wand of mindburst (9)
   (You found it on level 11 of the Dungeon)
Scrolls
 g - a scroll of amnesia
 j - 2 scrolls of fog
 r - a scroll of holy word {!r}
 D - a scroll of blinking {!r}
 E - 2 scrolls of fear
 S - a scroll of summoning
 V - a scroll of vulnerability {!r!r}
 X - a scroll of magic mapping {@r4!r}
 Y - 5 scrolls of teleportation {@r3}
Potions
 q - a potion of invisibility
 t - 3 potions of attraction {!q}
 A - a potion of cancellation
 B - 2 potions of brilliance
 G - 2 potions of ambrosia {!q}
 H - a potion of haste
 J - 10 potions of curing {@q1}
 L - a potion of flight
 M - a potion of might
 N - a potion of heal wounds {@q2}
 R - 2 potions of resistance
 U - 3 potions of mutation {!q}
Miscellaneous
 x - a piece from Xom's chessboard (15/15)
   (You found it on level 7 of the Dungeon)


   Skills:
 + Level 7.1(8.6) Fighting
 + Level 7.1(8.6) Short Blades
 + Level 7.1(8.6) Long Blades
 + Level 7.1(8.6) Axes
 + Level 7.1(8.6) Maces & Flails
 + Level 7.1(8.6) Polearms
 + Level 7.1(8.6) Staves
 + Level 7.1 Slings
 + Level 7.1 Bows
 + Level 7.1 Crossbows
 + Level 7.1 Throwing
 + Level 7.1 Armour
 + Level 8.5 Dodging
 + Level 8.3 Stealth
 + Level 7.1 Shields
 + Level 7.1(8.6) Unarmed Combat
 + Level 8.8(10.2) Spellcasting
 + Level 5.9 Conjurations
 + Level 5.9 Hexes
 + Level 5.9 Summonings
 + Level 5.9 Necromancy
 + Level 5.9 Translocations
 + Level 5.9(7.3) Transmutations
 + Level 5.9(8.2) Fire Magic
 + Level 9.3(11.5) Ice Magic
 + Level 5.9(8.2) Air Magic
 + Level 5.9(8.2) Earth Magic
 + Level 5.9(7.3) Poison Magic
 + Level 7.8 Invocations
 + Level 7.1(8.6) Evocations


You had 7 spell levels left.
You knew the following spells:

 Your Spells              Type           Power      Damage    Failure   Level
a - Freeze                Ice            100%       1d11      1%          1
b - Frozen Ramparts       Ice            100%       1d12      1%          3
c - Blink                 Tloc           N/A        N/A       1%          2
d - Conjure Flame         Conj/Fire      40%        6-21      1%          3
e - Passage of Golubria   Tloc           N/A        N/A       3%          4
x - Mephitic Cloud        Conj/Pois/Air  40%        N/A       1%          3
z - Lee's Rapid Deconstr  Erth           22%        3d14*     3%          5
A - Ozocubu's Armour      Ice            56%        N/A       1%          3

Your spell library contained the following spells:

 Spells                   Type           Power      Damage    Failure   Level
 Animate Skeleton         Necr           70%        N/A       1%          1
 Apportation              Tloc           70%        N/A       1%          1
 Corona                   Hex            38%        N/A       1%          1
 Magic Dart               Conj           100%       1d8       1%          1
 Sandblast                Erth           90%        2d19      1%          1
 Summon Small Mammal      Summ           100%       N/A       1%          1
 Call Imp                 Summ           35%        N/A       1%          2
 Passwall                 Tmut/Erth      35%        N/A       1%          2
 Slow                     Hex            35%        N/A       1%          2
 Call Canine Familiar     Summ           35%        N/A       1%          3
 Stone Arrow              Conj/Erth      80%        3d12      1%          3
 Swiftness                Air            45%        N/A       1%          3
 Hailstorm                Conj/Ice       47%        3d11      1%          4
 Ice Form                 Ice/Tmut       50%        N/A       1%          4
 Petrify                  Tmut/Erth      43%        N/A       1%          4
 Summon Ice Beast         Ice/Summ       47%        N/A       1%          4
 Metabolic Englaciation   Hex/Ice        23%        N/A       2%          5
 Blade Hands              Tmut           20%        N/A       4%          5
 Invisibility             Hex            17%        N/A       43%         6


Dungeon Overview and Level Annotations

Branches:
Dungeon (12/15)            Temple (1/1) D:4            Lair (0/6) D:8
  IceCv (1/1)
    Orc: D:9-12

Altars:
Ashenzari
Cheibriados
Dithmenos
Elyvilon
Fedhas
Gozag
Hepliaklqana
Kikubaaqudgha
Makhleb
Nemelex Xobeh
Okawaru
Qazlal
Ru
Sif Muna
Trog
Uskayaw
Vehumet
Wu Jian
Xom
Yredelemnul
Zin
The Shining One

Shops:
D:2 :

Annotations:
D:8 exclusion: ugly thing IceCv exclusion: 2 ice statues


Innate Abilities, Weirdness & Mutations

You have very sharp teeth.
Your uncanny sense of smell can sniff out nearby items.
Your experience applies equally to all skills.


Message History

The ice beast hits you but does no damage. x2
You hit the white ugly thing.
Lightning courses through the white ugly thing!
The ice beast hits you but does no damage.
You hit the white ugly thing.
The white ugly thing tentacle-slaps you but does no damage.
The ice beast hits you but does no damage.
The ice beast hits you. The ice beast freezes you!
The ice beast completely misses you.
You take 8 damage, and have 53/94 hp.
You now have 17/35 mp.
You are too injured to fight recklessly!
You are too injured to fight recklessly!
You are too injured to fight recklessly!
You hit the white ugly thing but do no damage.
The white ugly thing tentacle-slaps you but does no damage.
The ice beast hits you. The ice beast freezes you! The ice beast misses you.
The ice beast barely misses you.
You take 10 damage, and have 43/94 hp.
You now have 13/35 mp.
You hit the white ugly thing.
You feel much better.
N - 2 potions of heal wounds {@q2};
F - a ring of positive energy {rN+} The white ugly thing tentacle-slaps you but does no damage.
The ice beast closely misses you.
The ice beast hits you but does no damage.
The ice beast closely misses you.
You regained 28 hp, and now have 72/94 hp.
You feel very mighty all of a sudden.
The white ugly thing tentacle-slaps you.
The white ugly thing freezes you!! The ice beast barely misses you.
The ice beast closely misses you. The ice beast misses you.
You take 25 damage, and have 47/94 hp.
MASSIVE DAMAGE!!
You now have 8/35 mp.
You whack the white ugly thing!
Lightning courses through the white ugly thing!
The white ugly thing tentacle-slaps you!
The white ugly thing freezes you!
The ice beast hits you but does no damage. x2
The ice beast closely misses you.
You take 18 damage, and have 29/94 hp.
You now have 6/35 mp.
You closely miss the white ugly thing.
The white ugly thing tentacle-slaps you but does no damage.
The ice beast misses you.
The ice beast hits you but does no damage.
The ice beast barely misses you.
You whack the white ugly thing!
The white ugly thing tentacle-slaps you!
* * * LOW HITPOINT WARNING * * *
The white ugly thing freezes you!!
* * * LOW HITPOINT WARNING * * *
You take 26 damage, and have 4/94 hp.
MASSIVE DAMAGE!!
You now have 1/35 mp.
You feel much better. The ice beast barely misses you.
The ice beast hits you but does no damage. x2
The white ugly thing tentacle-slaps you.
The white ugly thing freezes you!
* * * LOW HITPOINT WARNING * * *
You regained 12 hp, and now have 16/94 hp.
Okay, then.
Unknown command.
Okay, then.
Unknown command.
Casting: Ozocubu's Armour (safe; 1% risk of failure)
Confirm with . or Enter, or press ? or * to list all spells.
Okay, then.
Unknown command.
Unknown command.
Casting: Ozocubu's Armour (safe; 1% risk of failure)
Confirm with . or Enter, or press ? or * to list all spells.
You don't have enough magic to cast this spell.
Unknown command.
Casting: Ozocubu's Armour (safe; 1% risk of failure)
Confirm with . or Enter, or press ? or * to list all spells.
You don't have enough magic to cast this spell.
Unknown command.
Okay, then.
As you read the scroll of teleportation {@r3}, it crumbles to dust.
You feel strangely unstable.
The ice beast hits you but does no damage.
The ice beast barely misses you. x2; The white ugly thing barely misses you.
There are monsters nearby!
You hit the white ugly thing but do no damage.
Lightning courses through the white ugly thing!
The ice beast hits you but does no damage.
The ice beast misses you. The ice beast barely misses you.
You hit the ice beast. The ice beast barely misses you.
The ice beast misses you. The ice beast closely misses you.
You whack the ice beast!
Your surroundings suddenly seem different.
Your icy armour cracks and falls away as you move.
A white ugly thing comes into view.
The white ugly thing gurgles horribly!
Marking area around 2 ice statues as unsafe for travelling.
Found a condenser vane.
Found an ice covered gate leading back out of this place. 2 ice statues come into view.
The ice statue gestures.
There is an ice covered gate leading back out of this place here.
You regained 2 hp, and now have 24/94 hp.
The white ugly thing bites you.
* * * LOW HITPOINT WARNING * * *
The white ugly thing freezes you!!
You die...

### ...###*
......#*
.......## *
........##
.8.......#
*
.........#
,}....©u@.#
...Y.....#
*
.8.......#
........##
.......##
,......#*
...###* ###


You could see 2 ice statues, a white ugly thing and an ice beast (summoned).

Vanquished Creatures
  Fannar (D:10)
  Sonja (D:10)
  An ugly thing (IceCv)
  3 cyclopes
  Joseph (D:10)
  A kobold demonologist (D:11)
  An unseen horror (D:7)
  3 trolls
  2 hornets
  2 slime creatures (D:7)
  Sigmund (D:2)
  11 yaks (D:10)
  A wraith (D:11)
  A shadow (D:9)
  A wyvern (D:10)
  7 vampire mosquitoes
  Menkaure (D:7)
  An acid dragon (D:7)
  Edmund (D:5)
  Duvessa (D:7)
  11 ice beasts
  A black bear (D:5)
  10 orc warriors
  A hornet zombie (D:6)
  A necrophage (D:6)
  2 wolves (D:8)
  2 centaurs
  2 ogres (D:6)
  4 kobold brigands
  4 bullfrogs
  A gnoll sergeant (D:8)
  Dowan (D:7)
  5 scorpions
  A water moccasin skeleton (D:4)
  3 killer bees (D:9)
  7 wights
  3 electric eels (D:8)
  4 howler monkeys
  A bullfrog skeleton (D:6)
  3 centaur zombies
  6 hounds
  13 orc priests
  Crazy Yiuf (D:4)
  2 jellies (D:8)
  2 centaur skeletons
  Terence (D:2)
  17 orc wizards
  A killer bee zombie (D:6)
  2 howler monkey zombies (D:9)
  24 gnolls
  2 howler monkey skeletons
  11 adders
  A white imp (D:7)
  3 dart slugs
  64 orcs
  7 bats
  3 endoplasms
  7 giant cockroaches
  13 goblins
  12 hobgoblins
  7 jackals
  3 quokkas
  8 ball pythons
  2 frilled lizards
  26 kobolds
  An orc zombie (D:12)
  7 rats
355 creatures vanquished.

Vanquished Creatures (others)
  3 plants (D:8)
3 creatures vanquished.

Grand Total: 358 creatures vanquished

Notes
Turn   | Place    | Note
-------+----------+-------------------------------------------
     0 | D:1      | Snikeer the Gnoll Ice Elementalist began the quest for the
                  | Orb.
     0 | D:1      | Reached XP level 1. HP: 13/13 MP: 6/6
   178 | D:1      | Reached XP level 2. HP: 17/19 MP: 4/7
   498 | D:1      | Reached XP level 3. HP: 19/25 MP: 5/9
   502 | D:1      | Learned a level 3 spell: Frozen Ramparts
   506 | D:1      | Learned a level 3 spell: Ozocubu's Armour
   678 | D:1      | Reached skill level 5 in Spellcasting
  1037 | D:2      | Reached skill level 1 in Invocations
  1123 | D:2      | Reached skill level 1 in Fighting
  1123 | D:2      | Reached skill level 1 in Short Blades
  1123 | D:2      | Reached skill level 1 in Long Blades
  1123 | D:2      | Reached skill level 1 in Axes
  1123 | D:2      | Reached skill level 1 in Maces & Flails
  1123 | D:2      | Reached skill level 1 in Polearms
  1123 | D:2      | Reached skill level 1 in Staves
  1123 | D:2      | Reached skill level 1 in Slings
  1123 | D:2      | Reached skill level 1 in Bows
  1123 | D:2      | Reached skill level 1 in Crossbows
  1123 | D:2      | Reached skill level 1 in Throwing
  1123 | D:2      | Reached skill level 1 in Armour
  1123 | D:2      | Reached skill level 1 in Shields
  1123 | D:2      | Reached skill level 1 in Unarmed Combat
  1123 | D:2      | Reached skill level 1 in Evocations
  1157 | D:2      | Found Leowye's Book Emporium.
  1229 | D:2      | Reached XP level 4. HP: 32/32 MP: 3/11
  1240 | D:2      | Reached skill level 1 in Conjurations
  1240 | D:2      | Reached skill level 1 in Hexes
  1240 | D:2      | Reached skill level 1 in Summonings
  1240 | D:2      | Reached skill level 1 in Necromancy
  1240 | D:2      | Reached skill level 1 in Translocations
  1240 | D:2      | Reached skill level 1 in Transmutations
  1240 | D:2      | Reached skill level 1 in Fire Magic
  1240 | D:2      | Reached skill level 1 in Air Magic
  1240 | D:2      | Reached skill level 1 in Earth Magic
  1240 | D:2      | Reached skill level 1 in Poison Magic
  1268 | D:2      | Noticed Terence
  1277 | D:2      | Killed Terence
  1278 | D:2      | Reached XP level 5. HP: 36/37 MP: 3/12
  1556 | D:2      | Noticed Sigmund
  1567 | D:2      | Killed Sigmund
  1568 | D:2      | Reached skill level 2 in Invocations
  1568 | D:2      | Reached XP level 6. HP: 28/44 MP: 5/14
  1801 | D:3      | Reached skill level 5 in Dodging
  1946 | D:3      | Reached skill level 2 in Fighting
  1946 | D:3      | Reached skill level 2 in Short Blades
  1946 | D:3      | Reached skill level 2 in Long Blades
  1946 | D:3      | Reached skill level 2 in Axes
  1946 | D:3      | Reached skill level 2 in Maces & Flails
  1946 | D:3      | Reached skill level 2 in Polearms
  1946 | D:3      | Reached skill level 2 in Staves
  1946 | D:3      | Reached skill level 2 in Slings
  1946 | D:3      | Reached skill level 2 in Bows
  1946 | D:3      | Reached skill level 2 in Crossbows
  1946 | D:3      | Reached skill level 2 in Throwing
  1946 | D:3      | Reached skill level 2 in Armour
  1946 | D:3      | Reached skill level 2 in Shields
  1946 | D:3      | Reached skill level 2 in Unarmed Combat
  1946 | D:3      | Reached skill level 2 in Evocations
  2701 | D:3      | Reached XP level 7. HP: 50/50 MP: 8/15
  2859 | D:3      | Found a faded altar of an unknown god.
  2863 | D:3      | Found a faded altar of an unknown god.
  3008 | D:4      | Reached skill level 2 in Conjurations
  3008 | D:4      | Reached skill level 2 in Hexes
  3008 | D:4      | Reached skill level 2 in Summonings
  3008 | D:4      | Reached skill level 2 in Necromancy
  3008 | D:4      | Reached skill level 2 in Translocations
  3008 | D:4      | Reached skill level 2 in Transmutations
  3008 | D:4      | Reached skill level 2 in Fire Magic
  3008 | D:4      | Reached skill level 2 in Air Magic
  3008 | D:4      | Reached skill level 2 in Earth Magic
  3008 | D:4      | Reached skill level 2 in Poison Magic
  3503 | D:4      | Reached skill level 5 in Stealth
  3626 | D:4      | Found a staircase to the Ecumenical Temple.
  3643 | D:5      | Entered Level 5 of the Dungeon
  3650 | D:5      | Reached skill level 3 in Invocations
  3779 | D:4      | Reached XP level 8. HP: 57/57 MP: 8/16
  4037 | D:5      | Noticed Edmund
  4047 | D:5      | Killed Edmund
  4048 | D:5      | Reached skill level 3 in Fighting
  4048 | D:5      | Reached skill level 3 in Short Blades
  4048 | D:5      | Reached skill level 3 in Long Blades
  4048 | D:5      | Reached skill level 3 in Axes
  4048 | D:5      | Reached skill level 3 in Maces & Flails
  4048 | D:5      | Reached skill level 3 in Polearms
  4048 | D:5      | Reached skill level 3 in Staves
  4048 | D:5      | Reached skill level 3 in Slings
  4048 | D:5      | Reached skill level 3 in Bows
  4048 | D:5      | Reached skill level 3 in Crossbows
  4048 | D:5      | Reached skill level 3 in Throwing
  4048 | D:5      | Reached skill level 3 in Armour
  4048 | D:5      | Reached skill level 3 in Shields
  4048 | D:5      | Reached skill level 3 in Unarmed Combat
  4048 | D:5      | Reached skill level 3 in Evocations
  4092 | D:5      | Reached skill level 6 in Spellcasting
  4287 | D:5      | Found a sparkling altar of Nemelex Xobeh.
  4288 | D:5      | Found a shimmering altar of Xom.
  4289 | D:5      | Found a sacrificial altar of Ru.
  4582 | Temple   | Entered the Ecumenical Temple
  4834 | Temple   | Became a worshipper of Ashenzari the Shackled
  4914 | D:4      | Found a runed translucent door.
  4915 | D:4      | Noticed Crazy Yiuf
  4924 | D:4      | Killed Crazy Yiuf
  5346 | D:5      | Found a hazy altar of Hepliaklqana.
  5346 | D:5      | Found a radiant altar of Vehumet.
  5980 | D:5      | Reached skill level 4 in Invocations
  6125 | D:6      | Reached skill level 3 in Conjurations
  6125 | D:6      | Reached skill level 3 in Hexes
  6125 | D:6      | Reached skill level 3 in Summonings
  6125 | D:6      | Reached skill level 3 in Necromancy
  6125 | D:6      | Reached skill level 3 in Translocations
  6125 | D:6      | Reached skill level 3 in Transmutations
  6125 | D:6      | Reached skill level 3 in Fire Magic
  6125 | D:6      | Reached skill level 3 in Air Magic
  6125 | D:6      | Reached skill level 3 in Earth Magic
  6125 | D:6      | Reached skill level 3 in Poison Magic
  6269 | D:6      | Reached skill level 6 in Dodging
  6441 | D:6      | Reached XP level 9. HP: 54/65 MP: 15/18
  6539 | D:6      | Reached skill level 4 in Fighting
  6539 | D:6      | Reached skill level 4 in Short Blades
  6539 | D:6      | Reached skill level 4 in Long Blades
  6539 | D:6      | Reached skill level 4 in Axes
  6539 | D:6      | Reached skill level 4 in Maces & Flails
  6539 | D:6      | Reached skill level 4 in Polearms
  6539 | D:6      | Reached skill level 4 in Staves
  6539 | D:6      | Reached skill level 4 in Slings
  6539 | D:6      | Reached skill level 4 in Bows
  6539 | D:6      | Reached skill level 4 in Crossbows
  6539 | D:6      | Reached skill level 4 in Throwing
  6539 | D:6      | Reached skill level 4 in Armour
  6539 | D:6      | Reached skill level 4 in Shields
  6539 | D:6      | Reached skill level 4 in Unarmed Combat
  6539 | D:6      | Reached skill level 4 in Evocations
  7027 | D:6      | Reached skill level 6 in Stealth
  7027 | D:6      | Reached skill level 8 in Ice Magic
  7178 | D:6      | Learned a level 2 spell: Blink
  7182 | D:6      | Learned a level 3 spell: Conjure Flame
  7186 | D:6      | Learned a level 3 spell: Mephitic Cloud
  7198 | D:6      | Found a stormy altar of Qazlal.
  7402 | D:7      | Reached * piety under Ashenzari
  7437 | D:7      | Killed an unseen horror
  7610 | D:7      | Noticed Dowan
  7659 | D:7      | Noticed Menkaure
  7673 | D:7      | Killed Menkaure
  7706 | D:7      | Identified the cursed +2 pair of gloves "Sun of the Cursed
                  | Sage" {Stlth+, Alch, Elem} (You found it on level 1 of the
                  | Dungeon)
  7712 | D:7      | Noticed Duvessa
  7726 | D:7      | Killed Duvessa
  7727 | D:7      | Reached skill level 5 in Invocations
  7729 | D:7      | Killed Dowan
  8050 | D:7      | Found a burning altar of Makhleb.
  8418 | D:7      | Reached skill level 7 in Spellcasting
  8503 | D:7      | Found a white marble altar of Elyvilon.
  8524 | D:7      | Reached XP level 10. HP: 50/73 MP: 8/20
  8526 | D:7      | Reached skill level 4 in Conjurations
  8526 | D:7      | Reached skill level 4 in Hexes
  8526 | D:7      | Reached skill level 4 in Summonings
  8526 | D:7      | Reached skill level 4 in Necromancy
  8526 | D:7      | Reached skill level 4 in Translocations
  8526 | D:7      | Reached skill level 4 in Transmutations
  8526 | D:7      | Reached skill level 4 in Fire Magic
  8526 | D:7      | Reached skill level 4 in Air Magic
  8526 | D:7      | Reached skill level 4 in Earth Magic
  8526 | D:7      | Reached skill level 4 in Poison Magic
  9043 | D:7      | Reached skill level 5 in Fighting
  9043 | D:7      | Reached skill level 5 in Short Blades
  9043 | D:7      | Reached skill level 5 in Long Blades
  9043 | D:7      | Reached skill level 5 in Axes
  9043 | D:7      | Reached skill level 5 in Maces & Flails
  9043 | D:7      | Reached skill level 5 in Polearms
  9043 | D:7      | Reached skill level 5 in Staves
  9043 | D:7      | Reached skill level 5 in Slings
  9043 | D:7      | Reached skill level 5 in Bows
  9043 | D:7      | Reached skill level 5 in Crossbows
  9043 | D:7      | Reached skill level 5 in Throwing
  9043 | D:7      | Reached skill level 5 in Armour
  9043 | D:7      | Reached skill level 5 in Shields
  9043 | D:7      | Reached skill level 5 in Unarmed Combat
  9043 | D:7      | Reached skill level 5 in Evocations
  9062 | D:7      | Reached skill level 7 in Dodging
  9299 | D:7      | Identified Gighusic's Disquisition on Supportive Changing
  9307 | D:7      | Identified the +3 war axe "Ladghy" {vorpal, Dex+2}
  9481 | D:8      | Noticed a cyclops
  9492 | D:8      | Killed a cyclops
  9671 | D:8      | Reached skill level 6 in Invocations
  9678 | D:8      | Reached skill level 7 in Stealth
  9829 | D:8      | Found a staircase to the Lair.
 10827 | D:8      | Reached XP level 11. HP: 81/81 MP: 19/22
 10848 | D:8      | Noticed a cyan ugly thing
 11009 | D:8      | Identified the +4 hunting sling of Wekk {vorpal, Str+3
                  | Int+4 Dex+2}
 11795 | D:9      | Reached skill level 6 in Fighting
 11795 | D:9      | Reached skill level 6 in Short Blades
 11795 | D:9      | Reached skill level 6 in Long Blades
 11795 | D:9      | Reached skill level 6 in Axes
 11795 | D:9      | Reached skill level 6 in Maces & Flails
 11795 | D:9      | Reached skill level 6 in Polearms
 11795 | D:9      | Reached skill level 6 in Staves
 11795 | D:9      | Reached skill level 6 in Slings
 11795 | D:9      | Reached skill level 6 in Bows
 11795 | D:9      | Reached skill level 6 in Crossbows
 11795 | D:9      | Reached skill level 6 in Throwing
 11795 | D:9      | Reached skill level 6 in Armour
 11795 | D:9      | Reached skill level 6 in Shields
 11795 | D:9      | Reached skill level 6 in Unarmed Combat
 11795 | D:9      | Reached skill level 6 in Evocations
 11843 | D:9      | Paralysed by a hornet for 1 turns
 11847 | D:9      | Reached skill level 5 in Conjurations
 11847 | D:9      | Reached skill level 5 in Hexes
 11847 | D:9      | Reached skill level 5 in Summonings
 11847 | D:9      | Reached skill level 5 in Necromancy
 11847 | D:9      | Reached skill level 5 in Translocations
 11847 | D:9      | Reached skill level 5 in Transmutations
 11847 | D:9      | Reached skill level 5 in Fire Magic
 11847 | D:9      | Reached skill level 5 in Air Magic
 11847 | D:9      | Reached skill level 5 in Earth Magic
 11847 | D:9      | Reached skill level 5 in Poison Magic
 12394 | D:9      | Reached skill level 8 in Spellcasting
 12725 | D:10     | Entered Level 10 of the Dungeon
 12748 | D:10     | Noticed Sonja
 12803 | D:10     | Noticed Fannar
 12879 | D:10     | Killed Sonja
 12892 | D:10     | Reached skill level 9 in Ice Magic
 12892 | D:10     | Reached skill level 7 in Invocations
 12976 | D:10     | Reached skill level 8 in Dodging
 13085 | D:10     | Noticed Joseph
 13214 | D:10     | Killed Joseph
 13318 | D:10     | Identified the +2 pair of gloves of the Freezing Orbs
                  | {rElec rN+ Regen+ Int-5}
 13392 | D:10     | Killed Fannar
 13393 | D:10     | Reached skill level 8 in Stealth
 13638 | D:11     | Noticed a sun demon
 13854 | D:11     | Reached XP level 12. HP: 89/89 MP: 24/24
 14019 | D:11     | Learned a level 4 spell: Passage of Golubria
 14025 | D:11     | Learned a level 5 spell: Lee's Rapid Deconstruction
 14054 | D:11     | Reached ** piety under Ashenzari
 14927 | D:11     | Reached skill level 7 in Fighting
 14927 | D:11     | Reached skill level 7 in Short Blades
 14927 | D:11     | Reached skill level 7 in Long Blades
 14927 | D:11     | Reached skill level 7 in Axes
 14927 | D:11     | Reached skill level 7 in Maces & Flails
 14927 | D:11     | Reached skill level 7 in Polearms
 14927 | D:11     | Reached skill level 7 in Staves
 14927 | D:11     | Reached skill level 7 in Slings
 14927 | D:11     | Reached skill level 7 in Bows
 14927 | D:11     | Reached skill level 7 in Crossbows
 14927 | D:11     | Reached skill level 7 in Throwing
 14927 | D:11     | Reached skill level 7 in Armour
 14927 | D:11     | Reached skill level 7 in Shields
 14927 | D:11     | Reached skill level 7 in Unarmed Combat
 14927 | D:11     | Reached skill level 7 in Evocations
 15302 | D:12     | Found a frozen archway.
 15407 | IceCv    | Entered an ice cave
 15450 | IceCv    | HP: 22/94 [white ugly thing (9)]
 15450 | IceCv    | HP: 4/94 [white ugly thing (18)]
 15459 | IceCv    | HP: 20/94 [white ugly thing (5)]
 15459 | IceCv    | Slain by a white ugly thing

Illustrated notes

Levels and vault maps discovered:
D:1:      nicolae_arrival_memento_mori, layout_rooms, minmay_misc_feat_rows,
          minmay_pentomino_z2
D:2:      layout_rooms, serial_shops, shop_statue, minmay_parallelograms,
          dk_vineyard_3, uniq_sigmund, uniq_terence
D:3:      layout_basic, hellmonk_ecumenical_altar_the_god_not_taken,
          kennysheep_generic_room_10
D:4:      layout_gridville, minmay_temple_entry_arrows, uniq_crazy_yiuf_cottage
D:5:      layout_basic, grunt_temple_overflow_open, portal_sewer_entry_b,
          skrybe_limestone_x, minmay_fountain_box, guppyfry_early_orc_mine,
          uniq_edmund
D:6:      layout_loops_cross, nicolae_overflow_hidden_temple
D:7:      minmay_the_grid_triangle_9x9_rhombus_thin
          [minmay_the_grid_triangle_9x9_descending_squares,
          minmay_the_grid_triangle_9x9_prize_center,
          minmay_the_grid_triangle_9x9_sprig,
          minmay_the_grid_triangle_9x9_windchime], layout_loops_ring,
          bloody_makhleb, elyvilon_altar_5, uniq_menkaure, uniq_duvessa
D:8:      corexii_shantytown, layout_basic, erik_lair_island, special_room
          [special_room_orc], chequers_serial_rivers_room_a,
          minmay_misc_feat_more_columns
D:9:      layout_rooms
D:10:     layout_cave_pools, uniq_sonja, uniq_fannar, uniq_joseph
D:11:     layout_grid_maze
D:12:     nzn_winding_woodlands_small [nzn_winding_woodlands_5x15_eye,
          nzn_winding_woodlands_center_triple_pond,
          nzn_winding_woodlands_5x15_crooked], layout_basic, zombieorc2_lemuel,
          portal_ice_cave_entry_ice_beasts, chequers_garden
Temple:   minmay_temple_curvy_branch
IceCv:    ice_cave_statue_garden_transporter

Skill      XL: |  1  2  3  4  5  6  7  8  9 10 11 12 |
---------------+-------------------------------------+-----
Spellcasting   | 5 6 7 8 |  8.8
Invocations    | 1 2 3 4 5 6 7 |  7.8
Fighting       | 1 2 3 4 5 6 7 |  7.1
Short Blades   | 1 2 3 4 5 6 7 |  7.1
Long Blades    | 1 2 3 4 5 6 7 |  7.1
Axes           | 1 2 3 4 5 6 7 |  7.1
Maces & Flails | 1 2 3 4 5 6 7 |  7.1
Polearms       | 1 2 3 4 5 6 7 |  7.1
Staves         | 1 2 3 4 5 6 7 |  7.1
Slings         | 1 2 3 4 5 6 7 |  7.1
Bows           | 1 2 3 4 5 6 7 |  7.1
Crossbows      | 1 2 3 4 5 6 7 |  7.1
Throwing       | 1 2 3 4 5 6 7 |  7.1
Armour         | 1 2 3 4 5 6 7 |  7.1
Shields        | 1 2 3 4 5 6 7 |  7.1
Unarmed Combat | 1 2 3 4 5 6 7 |  7.1
Evocations     | 1 2 3 4 5 6 7 |  7.1
Conjurations   | 1 2 3 4 5 |  5.9
Hexes          | 1 2 3 4 5 |  5.9
Summonings     | 1 2 3 4 5 |  5.9
Necromancy     | 1 2 3 4 5 |  5.9
Translocations | 1 2 3 4 5 |  5.9
Transmutations | 1 2 3 4 5 |  5.9
Fire Magic     | 1 2 3 4 5 |  5.9
Air Magic      | 1 2 3 4 5 |  5.9
Earth Magic    | 1 2 3 4 5 |  5.9
Poison Magic   | 1 2 3 4 5 |  5.9
Dodging        | 5 6 7 8 |  8.5
Stealth        | 5 6 7 8 |  8.3
Ice Magic      | 8 9 |  9.3

Action                   |  1- 3 |  4- 6 |  7- 9 | 10-12 || total
-------------------------+-------+-------+-------+-------++-------
Melee: Unarmed           |     3 |       |       |       ||     3
       Dagger            |    12 |    18 |    17 |     7 ||    54
       Club              |     3 |       |       |       ||     3
       Whip              |       |     4 |   298 |   375 ||   677
       Bite              |       |     1 |    34 |    44 ||    79
       Punch             |       |       |     5 |    15 ||    20
       Staff             |       |       |       |   184 ||   184
Throw: Javelin           |       |       |     8 |    10 ||    18
       Stone             |       |       |     2 |     2 ||     4
 Cast: Freeze            |    38 |    35 |    16 |     1 ||    90
       Frozen Ramparts   |     1 |     5 |    31 |    42 ||    79
       Ozocubu's Armour  |     1 |     3 |    23 |    37 ||    64
Invok: Curse Item        |       |       |     2 |     1 ||     3
Evoke: Wand              |       |       |       |    12 ||    12
       Piece from Xom's  |       |       |       |     4 ||     4
  Use: Scroll            |       |       |     6 |     3 ||     9
       Potion            |       |       |     1 |     4 ||     5
 Stab: Sleeping          |     7 |     6 |    10 |     9 ||    32
       Paralysed         |       |       |       |     2 ||     2
Armor: Robe              |     5 |    10 |   142 |    14 ||   171
       Skin              |       |       |     3 |    20 ||    23
       Troll leather arm |       |       |       |   281 ||   281
Dodge: Dodged            |    35 |    24 |   259 |   425 ||   743

Table legend: (Time is in decaauts)
 A = Elapsed time spent in this place.
 B = Non-inter-level travel time spent in this place.
 C = Inter-level travel time spent in this place.
 D = Time resting spent in this place.
 E = Time spent auto-exploring this place.
 F = Levels seen in this place.
 G = Mean time per level.
                   A        B        C        D        E       F      G
               +--------+--------+--------+--------+--------+-----+--------+
         Total |  15354 |  14233 |   1121 |      0 |  11268 |  14 | 1096.7 |
       Dungeon |  15054 |  13940 |   1114 |      0 |  11020 |  12 | 1254.5 |
        Temple |    260 |    253 |      7 |      0 |    248 |   1 |  260.0 |
      Ice Cave |     39 |     39 |      0 |      0 |      0 |   1 |   39.0 |
               +--------+--------+--------+--------+--------+-----+--------+

Top non-repeatable levels by time:
     D:8: 2272 daAuts
     D:7: 2217 daAuts
    D:11: 1530 daAuts
     D:5: 1529 daAuts
     D:6: 1300 daAuts
     D:4: 1284 daAuts
     D:3: 1250 daAuts
     D:1: 982 daAuts
     D:9: 891 daAuts
    D:10: 871 daAuts
     D:2: 793 daAuts
  Temple: 260 daAuts
    D:12: 130 daAuts
   IceCv: 39 daAuts

Table legend:
 A = Kills in this place as a percentage of kills in entire the game.
 B = Kills by you in this place as a percentage of kills by you in the entire game.
 C = Kills by friends in this place as a percentage of kills by friends in the entire game.
 D = Other kills in this place as a percentage of other kills in the entire game.
 E = Experience gained in this place as a percentage of experience gained in the entire game.
 F = Experience gained in this place divided by the number of levels of this place that you have seen.
                   A       B       C       D       E      F
               +-------+-------+-------+-------+-------+----------------------
         Total | 100.0 | 100.0 |   N/A |   N/A | 100.0 | 1557.8
       Dungeon |  99.2 |  99.2 |   N/A |   N/A |  96.1 | 1746.0
      Ice Cave |   0.8 |   0.8 |   N/A |   N/A |   3.9 | 857.0
               +-------+-------+-------+-------+-------+----------------------
